 Dungeon Crawl Stone Soup version 0.24.0-123-gd5b16e6ec5 (webtiles) character file.

Game seed: 8072732536351258116, levelgen mode: deterministic

10954 Johnny the Spear-Bearer (level 11, -3/99 HPs)
             Began as a Demigod Gladiator on Jan 22, 2020.
             Slain by a slime creature (16 damage)
             ... on level 12 of the Dungeon.
             The game lasted 00:13:15 (13283 turns).

Johnny the Spear-Bearer (Demigod Gladiator)        Turns: 13283, Time: 00:13:15

Health: -3/99      AC:  5    Str: 23    XL:     11   Next: 20%
Magic:  14/14      EV: 11    Int: 12    God:
Gold:   336        SH:  0    Dex: 17    Spells: 10/10 levels left

rFire    . . .     SeeInvis .   k - +2 spear (freeze)
rCold    + . .     Gourm    +   (no shield)
rNeg     . . .     Faith    .   s - +3 scale mail {MR+}
rPois    .         Spirit   .   c - +0 helmet
rElec    .         Reflect  .   (no cloak)
rCorr    .         Harm     .   H - +2 pair of gloves
MR       ++...                  (no boots)
Stlth    +.........             C - amulet of the gourmand
HPRegen  0.26/turn              D - ring of stealth
MPRegen  0.14/turn              r - ring of protection from cold

@: corroded
A: high mp 1
a: no special abilities


You were on level 12 of the Dungeon.
You were very full.

You visited 1 branch of the dungeon, and saw 12 of its levels.
You also visited: Sewer.

You collected 546 gold pieces.
You spent 210 gold pieces at shops.

Inventory:

Hand Weapons
 k - a +2 spear of freezing (weapon)
 E - a +0 glaive
Missiles
 d - 3 throwing nets (quivered)
Armour
 c - a +0 helmet (worn)
 s - a +3 scale mail of magic resistance (worn)
 H - a +2 pair of gloves (worn)
 K - +0 acid dragon scales
Jewellery
 h - an uncursed ring of wizardry
 r - a ring of protection from cold (right hand)
 C - an amulet of the gourmand (around neck)
 D - a ring of stealth (left hand)
Wands
 B - a wand of flame (1)
 J - a wand of digging (4)
Scrolls
 g - 2 scrolls of identify
 j - 2 scrolls of noise
 n - 4 scrolls of teleportation
 p - 6 scrolls of remove curse
 q - a scroll of enchant armour
 t - 2 scrolls of fog
 u - a scroll of holy word {unknown}
 v - 3 scrolls of enchant weapon
 w - 4 scrolls of amnesia {unknown}
 y - a scroll of summoning {unknown}
 G - 2 scrolls of acquirement {unknown}
 I - a scroll of fear {unknown}
 L - a scroll of brand weapon {unknown}
Potions
 b - 2 potions of agility
 e - 2 potions of resistance {unknown}
 i - 14 potions of curing
 l - 2 potions of brilliance {unknown}
 m - 4 potions of heal wounds
 o - 3 potions of might {unknown}
 x - 4 potions of flight {unknown}
 z - 4 potions of lignification {unknown}
 A - 2 potions of magic {unknown}
 F - a potion of mutation {unknown}
Miscellaneous
 a - a sack of spiders
Comestibles
 f - 20 rations


   Skills:
 + Level 9.8 Fighting
 * Level 13.4 Polearms
 - Level 1.7 Throwing
 - Level 2.6 Dodging


You had 10 spell levels left.
You didn't know any spells.
Your spell library was empty.

Dungeon Overview and Level Annotations

Branches:
Dungeon (12/15)            Temple (0/1) D:7            Lair (0/6) D:11
    Orc (0/2) D:12          Sewer (visited)

Shops:
D:4 %([}!   D:6 (   D:8 }

Annotations:
D:11 exclusion: 2 oklob plants


Innate Abilities, Weirdness & Mutations

You have an increased reservoir of magic. (+10% MP)


Message History

The slime creature is almost dead.
The slime creature hits you!
Your soldier ant stings the slime creature!
The slime creature dies!
Attack whom?
Press: ? - help, Dir - move target cursor, f - you That would be overly suicidal.
Okay, then.
You swap places.
The slime creature hits your soldier ant.
Your soldier ant stings the slime creature!
A slime creature is nearby!
You swap places.
The slime creature hits you!
You are too injured to fight recklessly!
You hit the slime creature. You freeze the slime creature.
The slime creature is lightly wounded.
The slime creature hits you!!
* * * LOW HITPOINT WARNING * * *
The slime creature hits you!
You die...

#.# #....# ####
#.#####....# .......
####..........# .......
.........).†..# .......
..............# .......
..............######.......
.............†.............
...........................
.....##########.@..........
.....# #aaJ......... .....#
#.#####..###. #.# ..# #.#
.# #.# .# ..+ # ..# ....


You could see a slime creature and 2 friendly soldier ants.

Vanquished Creatures
  A two-headed ogre (D:10)
  A cyclops (D:11)
  A gargoyle (D:11)
  2 molten gargoyles (D:11)
  A centaur skeleton (D:9)
  A troll (D:9)
  A slime creature (D:12)
  A hippogriff (D:11)
  A spriggan (D:7)
  A shadow (D:12)
  2 wyverns
  Eustachio (D:4)
  A hungry ghost (D:10)
  An acid dragon (D:10)
  A water moccasin (D:9)
  An orc warrior (D:9)
  A sky beast (D:8)
  2 black bears (D:8)
  3 ice beasts
  3 phantoms
  A necrophage (D:10)
  11 centaurs
  8 ogres
  5 big kobolds
  7 bullfrogs
  2 scorpions
  11 killer bees
  8 wights
  4 howler monkeys
  3 crimson imps
  5 lava snakes (D:11)
  2 centaur zombies
  A quasit (D:9)
  A bullfrog zombie (D:5)
  6 hounds
  2 jellies
  4 orc priests
  10 orc wizards
  5 bullfrog skeletons
  Terence (D:2)
  3 iguanas
  5 worker ants
  A hound skeleton (D:6)
  A howler monkey zombie (D:7)
  A worker ant zombie (D:7)
  Robin (D:2)
  2 gnolls (D:1)
  11 adders
  8 river rats
  3 shadow imps
  3 oozes
  2 adder zombies
  2 adder skeletons
  7 worms
  4 dart slugs
  3 leopard geckos
  32 orcs
  6 bats
  6 giant cockroaches
  18 goblins
  5 hobgoblins
  7 jackals (D:1)
  4 quokkas
  6 ball pythons
  6 frilled lizards
  34 kobolds
  2 quokka skeletons (D:4)
  29 rats
336 creatures vanquished.

Vanquished Creatures (collateral kills)
  A two-headed ogre (D:12)
  A hornet (D:12)
  A slime creature (D:12)
3 creatures vanquished.

Grand Total: 339 creatures vanquished

Notes
Turn   | Place    | Note
-------+----------+-------------------------------------------
     0 | D:1      | Johnny the Demigod Gladiator began the quest for the Orb.
     0 | D:1      | Reached XP level 1. HP: 17/17 MP: 3/3
   112 | D:1      | Found an iron altar of Okawaru.
   142 | D:1      | Reached skill level 3 in Polearms
   272 | D:1      | Reached XP level 2. HP: 24/24 MP: 4/4
   530 | D:1      | Reached XP level 3. HP: 26/30 MP: 5/5
   850 | D:2      | Reached skill level 4 in Polearms
   902 | D:2      | Noticed Robin
   915 | D:2      | Killed Robin
   915 | D:2      | Reached XP level 4. HP: 24/37 MP: 6/6
  1591 | D:2      | Noticed Terence
  1611 | D:2      | Killed Terence
  1611 | D:2      | Reached XP level 5. HP: 26/45 MP: 7/7
  2201 | D:3      | Reached skill level 5 in Polearms
  2788 | D:4      | Found Siosm's Distillery.
  2796 | D:4      | Bought a potion of heal wounds for 70 gold pieces
  2796 | D:4      | Bought 2 potions of curing for 84 gold pieces
  2796 | D:4      | Bought a potion of agility for 56 gold pieces
  2851 | D:4      | Found Ywepted's Gadget Boutique.
  2892 | D:4      | Noticed Eustachio
  2895 | D:4      | Noticed a phantom
  2915 | D:4      | Killed Eustachio
  2915 | D:4      | Reached XP level 6. HP: 40/52 MP: 8/8
  2949 | D:4      | Reached skill level 6 in Polearms
  3068 | D:4      | Found a glowing drain.
  3081 | Sewer    | Entered a sewer
  3332 | Sewer    | Reached XP level 7. HP: 35/60 MP: 9/9
  3748 | Sewer    | Reached skill level 7 in Polearms
  4201 | D:4      | Found Vibbeulo's Weapon Boutique.
  4387 | D:4      | Found Kiwog's Antique Armour Shoppe.
  4465 | D:4      | Found Umoeno's Food Emporium.
  4563 | D:5      | Entered Level 5 of the Dungeon
  4696 | D:5      | Reached skill level 5 in Fighting
  5202 | D:6      | Reached XP level 8. HP: 69/69 MP: 10/10
  5262 | D:6      | Reached skill level 8 in Polearms
  5385 | D:6      | Found Katu's Weapon Shoppe.
  5615 | D:6      | Found a burning altar of Makhleb.
  6205 | D:6      | Reached skill level 9 in Polearms
  6545 | D:7      | Found a staircase to the Ecumenical Temple.
  6916 | D:8      | Found Hacoel's Gadget Boutique.
  6959 | D:8      | Reached XP level 9. HP: 60/78 MP: 11/11
  7066 | D:8      | Reached skill level 10 in Polearms
  8488 | D:8      | Reached skill level 11 in Polearms
  9409 | D:9      | Reached XP level 10. HP: 58/88 MP: 13/13
  9849 | D:10     | Entered Level 10 of the Dungeon
  9896 | D:10     | Noticed a two-headed ogre
  9901 | D:10     | Killed a two-headed ogre
 10015 | D:10     | Reached skill level 12 in Polearms
 11048 | D:11     | Noticed an oklob plant
 11126 | D:11     | Found a staircase to the Lair.
 11131 | D:11     | Noticed an oklob plant
 11927 | D:11     | Noticed a cyclops
 11949 | D:11     | Killed a cyclops
 11999 | D:11     | Reached skill level 13 in Polearms
 12372 | D:11     | Reached XP level 11. HP: 46/97 MP: 14/14
 12798 | D:12     | Found a staircase to the Orcish Mines.
 12994 | D:12     | Noticed a two-headed ogre
 13015 | D:12     | Killed a two-headed ogre
 13283 | D:12     | Slain by a slime creature

Levels and vault maps discovered:
D:1:      dpeg_arrival_fog, layout_loops_corners, minmay_statues_item,
          okawaru_ov_weapons_minmay
D:2:      minmay_door_path, layout_basic, first_ration, uniq_robin, uniq_terence
D:3:      layout_rooms
D:4:      layout_basic, serial_shops, shop, kennysheep_mini, shop, shop_statue,
          shop, lightli_sewer_entry_pipes, uniq_eustachio
D:5:      layout_basic, kennysheep_generic_room_5
D:6:      layout_loops_corners, makhleb_grotto_becter, serial_shops, shop
D:7:      layout_gridville, minmay_temple_entry_crystal_x, the_bakery
D:8:      layout_basic, serial_shops, shop
D:9:      layout_loops_ring
D:10:     layout_loops_ring
D:11:     cheibrodos_magma_flow, layout_loops_corners, dpeg_oklobed_lair
D:12:     layout_irregular_city, orc_0_dummy, minivault_5

Skill      XL: |  1  2  3  4  5  6  7  8  9 10 |
---------------+-------------------------------+-----
Fighting       | 2 3 4 5 6 8 9 |  9.8
Polearms       | 3 4 5 6 7 9 11 13 | 13.4
Throwing       | |  1.7
Dodging        | |  2.6

Action                   |  1- 3 |  4- 6 |  7- 9 | 10-12 || total
-------------------------+-------+-------+-------+-------++-------
Melee: Trident           |   131 |   318 |   635 |       ||  1084
       Spear             |       |       |   113 |   473 ||   586
Evoke: Wand              |       |       |    20 |    10 ||    30
       Box of beasts     |       |       |       |     2 ||     2
       Sack of spiders   |       |       |       |     2 ||     2
  Use: Scroll            |       |       |     6 |       ||     6
       Potion            |       |       |       |     4 ||     4
 Stab: Sleeping          |     3 |     2 |       |       ||     5
       Distracted        |       |       |       |     1 ||     1
  Eat: Chunk             |       |     8 |    14 |    20 ||    42
       Ration            |       |       |     2 |       ||     2
Armor: Leather armour    |    31 |    13 |       |       ||    44
       Scale mail        |       |   109 |   257 |    83 ||   449
Dodge: Dodged            |    72 |   171 |   311 |   119 ||   673
